 Dungeon Crawl Stone Soup version 0.31-a0-229-g1fc7ce93e2 (webtiles) character file.

Game seed: 392402812136301399

872 Nietzsche the Ruffian (level 8, 0/63 HPs)
             Began as a Ghoul Gladiator on July 6, 2023.
             Slain by an ufetubus (3 damage)
             ... summoned by a kobold demonologist
             ... on level 6 of the Dungeon.
             The game lasted 00:11:44 (3578 turns).

Nietzsche the Ruffian (Ghoul Gladiator)             Turns: 3578, Time: 00:11:44

Health: 0/63       AC:  7    Str: 18    XL:     8   Next: 4%
Magic:  11/11      EV: 13    Int:  5    God:
Gold:   227        SH:  0    Dex: 13    Spells: 9/12 levels left

rFire   . .          .
                       - Unarmed
rCold   + . .        (no shield)
rNeg    + + +        a - +0 leather armour
rPois   ∞            b - +0 helmet
rElec   .            (no cloak)
rCorr   .            h - +2 pair of gloves {Dex+3}
SInv    .            (no boots)
Will    .....        (no amulet)
Stlth   +            (no ring)
HPRegen 0.00/turn    (no ring)
MPRegen 0.12/turn

%: no passive effects
@: mighty, inhibited regen
A: claws 1, cold resistance 1, negative energy resistance 3, inhibited
regeneration, torment resistance 2, devour on kill
a: no special abilities


You were on level 6 of the Dungeon.
You visited 1 branch of the dungeon, and saw 8 of its levels.

You collected 227 gold pieces.

Inventory:

Hand Weapons
 l - a +3 heavy scythe
 w - a +1 vampiric trident
Missiles
 c - 3 throwing nets (quivered)
 d - 4 javelins
Armour
 a - a +0 leather armour (worn)
 b - a +0 helmet (worn)
 h - a +2 pair of gloves of dexterity (worn)
Magical Staves
 t - a staff of earth
Jewellery
 e - a ring of ice
 u - a ring of flight
 A - a ring of fire
Wands
 x - a wand of mindburst (12)
Scrolls
 g - a scroll of noise {unknown}
 i - a scroll of amnesia {unknown}
 k - a scroll of teleportation
 m - a scroll of summoning {unknown}
 o - 2 scrolls of enchant weapon {unknown}
 q - a scroll of enchant armour {unknown}
 y - 2 scrolls of identify
 z - a scroll of fog {unknown}
 B - a scroll of revelation {unknown}
Potions
 f - a potion of mutation
 j - a potion of magic {unknown}
 n - a potion of curing {unknown}
 r - a potion of enlightenment
 s - a potion of brilliance {unknown}
 v - a potion of haste {unknown}
 C - a potion of might


   Skills:
 + Level 3.2 Fighting
 - Level 1.7 Throwing
 - Level 1.2 Armour
 + Level 4.0 Dodging
 - Level 1.0 Stealth
 + Level 7.4 Unarmed Combat
 * Level 2.9 Spellcasting
 * Level 1.8 Necromancy


You had 9 spell levels left.
You knew the following spells:

 Your Spells              Type           Power      Damage    Failure   Level
a - Vampiric Draining     Necr           2%         2d6       56%         3

Your spell library contained the following spells:

 Spells                   Type           Power      Damage    Failure   Level
 Necrotise                Necr           8%         1d4       22%         1
 Freeze                   Ice            0%         1d3       43%         1
 Frozen Ramparts          Ice            0%         1d1       82%         3
 Hailstorm                Conj/Ice       0%         3d3       82%         3
 Agony                    Necr           2%         N/A       99%         5
 Irradiate                Conj/Tmut      0%         3d11      100%        5
 Blade Hands              Tmut           Unusable   N/A       N/A         5
 Dragon Form              Tmut           Unusable   N/A       N/A         7

Dungeon Overview and Level Annotations

Branches:
Dungeon (8/15)
 Temple: D:4-7         Lair: D:8-11

Altars:
Fedhas
Makhleb
Nemelex Xobeh
Sif Muna
Xom

Shops:
D:4 ?*

Annotations:
D:6 Prince Ribbit


Innate Abilities, Weirdness & Mutations

You are immune to poison.
You have sharp fingernails.
Your flesh is cold resistant. (rC+)
You are immune to negative energy. (rN+++)
You do not regenerate when monsters are visible.
You are immune to unholy pain and torment.
You thrive by killing the living.


Message History

* * * LOW HITPOINT WARNING * * *
Prince Ribbit misses you.
The kobold demonologist mumbles some strange words.
You completely miss Prince Ribbit.
Prince Ribbit is heavily wounded.
Prince Ribbit blinks!
The kobold demonologist attacks as you move away!
The kobold demonologist completely misses you.
The rust devil disappears in a puff of smoke!
Prince Ribbit hits you.
* * * LOW HITPOINT WARNING * * *
An orc comes into view. It is wielding a +0 short sword.
Prince Ribbit barely misses you.
You completely miss Prince Ribbit.
The kobold shouts!
The orc shouts!
Your punch misses Prince Ribbit.
Prince Ribbit is heavily wounded.
You hear a shout! x2
The kobold demonologist barely misses you.
Prince Ribbit misses you. Prince Ribbit barely misses you.
The kobold demonologist attacks as you move away!
The kobold demonologist hits you but does no damage.
Prince Ribbit croaks regally.
There is a stone staircase leading down here.
The kobold demonologist attacks as you move away!
The kobold demonologist hits you but does no damage.
The kobold demonologist casts a spell.
Prince Ribbit blinks!
The kobold demonologist mumbles some strange words.
Prince Ribbit blinks!
You are starting to lose your buoyancy.
The kobold demonologist casts a spell.
You float gracefully downwards.
The red devil disappears in a puff of smoke!
The kobold demonologist gestures wildly while chanting.
Your enlightenment fades.
The kobold demonologist looks braver for a moment.
The ufetubus hits you.
You die...

####### # #.....###
.. #.P.P...# .#
##.._..#[######.##
#..P.P...........#.
#.......#..........
#.@###....#.###.l##
##5# #.#.##.###..##
#.# #.#.#.>.......
#.# #.#.#.......##
#.# #.#.#..####.#
#.# #.#.#..# .# #.#
#.#....> #K#
#.#..... #.# .....


You could see a kobold demonologist and an ufetubus (summoned).

Vanquished Creatures
  Sigmund (D:2)
  An ice beast (D:7)
  A kobold brigand (D:7)
  2 scorpions
  3 howler monkeys (D:7)
  A hound (D:3)
  2 orc priests (D:4)
  An iguana (D:4)
  Terence (D:2)
  2 orc wizards (D:4)
  A gnoll (D:1)
  4 adders
  A white imp (D:5)
  A worm (D:2)
  A dart slug (D:4)
  An orc (D:4)
  7 ball pythons
  10 endoplasms
  4 giant cockroaches
  5 hobgoblins
  3 jackals (D:1)
  5 kobolds
  4 quokkas
  2 bats (D:1)
  4 frilled lizards
  7 goblins
  5 rats
80 creatures vanquished.

Notes
Turn   | Place    | Note
-------+----------+-------------------------------------------
     0 | D:1      | Nietzsche the Ghoul Gladiator began the quest for the Orb.
     0 | D:1      | Reached XP level 1. HP: 17/17 MP: 0/0
   174 | D:1      | Reached XP level 2. HP: 20/25 MP: 1/1
   413 | D:1      | Reached XP level 3. HP: 30/30 MP: 2/2
   834 | D:2      | Noticed Terence
   859 | D:2      | Killed Terence
   860 | D:2      | Reached skill level 4 in Unarmed Combat
   860 | D:2      | Reached XP level 4. HP: 22/37 MP: 4/4
   970 | D:2      | Noticed Sigmund
   986 | D:2      | Killed Sigmund
   987 | D:2      | Reached skill level 1 in Armour
   987 | D:2      | Reached skill level 5 in Unarmed Combat
   987 | D:2      | Reached skill level 1 in Spellcasting
   987 | D:2      | Reached XP level 5. HP: 39/44 MP: 4/6
   987 | D:2      | Reached XP level 6. HP: 45/50 MP: 4/7
  1603 | D:3      | Found a shimmering blue altar of Sif Muna.
  1701 | D:3      | Found a sparkling altar of Nemelex Xobeh.
  2030 | D:4      | Found Icegen's Magic Scroll Boutique.
  2093 | D:4      | Reached skill level 6 in Unarmed Combat
  2239 | D:4      | Learned a level 3 spell: Vampiric Draining
  2304 | D:4      | Reached XP level 7. HP: 23/57 MP: 9/9
  2308 | D:4      | Reached skill level 1 in Stealth
  2581 | D:4      | Found Pecsepli's Overcharged Wands.
  2844 | D:5      | Entered Level 5 of the Dungeon
  2877 | D:5      | Found a burning altar of Makhleb.
  3091 | D:5      | Found a shimmering altar of Xom.
  3209 | D:5      | You fall into a shaft and drop 3 floors!
  3287 | D:7      | Reached skill level 1 in Necromancy
  3309 | D:7      | Reached skill level 7 in Unarmed Combat
  3466 | D:6      | Reached XP level 8. HP: 60/63 MP: 11/11
  3466 | D:6      | Found a blossoming altar of Fedhas.
  3525 | D:6      | Noticed Prince Ribbit
  3527 | D:6      | Noticed a kobold demonologist
  3529 | D:6      | Noticed a rust devil
  3534 | D:6      | Noticed a kobold demonologist
  3534 | D:6      | Noticed a kobold demonologist
  3538 | D:6      | HP: 2/63 [Prince Ribbit (15)]
  3545 | D:6      | HP: 3/63 [Prince Ribbit (2)]
  3555 | D:6      | Noticed a red devil
  3578 | D:6      | Slain by an ufetubus

Illustrated notes

Levels and vault maps discovered:
D:1:      spicycebolla_arrival_ecumenical, layout_basic, minmay_box_of_dots
D:2:      layout_rooms, uniq_sigmund, uniq_terence
D:3:      layout_basic, nemelex_spade_bored_becter, general_overflow_altar,
          st_stairs_12
D:4:      layout_rooms, serial_shops, shop_statue,
          nicolae_shop_overcharged_wands
D:5:      layout_loops_ring, bloody_makhleb,
          mainiacjoe_overflow_surrounded_room, tgw_kikubaaqudgha,
          minmay_temple_entry_proselytizer, gammafunk_ghost_necromancy,
          minmay_misc_feat_doors, minmay_crystal_water
D:6:      layout_loops_ring, kennysheep_slug_shrine, fedhas_altar_1,
          mainiacjoe_overflow_big_doors, gammafunk_ghost_cemetery,
          uniq_prince_ribbit1
D:7:      minmay_chambers_of_sevens, layout_loops_ring, lemuel_round_altar,
          lemuel_crystal_altar, uniq_maggie
D:8:      layout_layer_cave, lair_entry_dummy

Skill      XL: |  1  2  3  4  5  6  7 |
---------------+----------------------+-----
Dodging        | 3 4 |  4.0
Unarmed Combat | 4 5 6 7 |  7.4
Armour         | 1 |  1.2
Spellcasting   | 1 2 |  2.9
Fighting       | 3 |  3.2
Stealth        | 1 |  1.0
Necromancy     | 1 |  1.8
Throwing       | |  1.7

Action                     |  1- 3 |  4- 6 |  7- 9 || total
---------------------------+-------+-------+-------++-------
  Melee: Unarmed           |   157 |   115 |    98 ||   370
         Punch             |     4 |     3 |     4 ||    11
    Use: Scroll            |       |     3 |       ||     3
         Potion            |       |     2 |     3 ||     5
   Stab: Sleeping          |       |     1 |     1 ||     2
 Armour: Leather armour    |    44 |    21 |    23 ||    88
  Dodge: Dodged            |   103 |    56 |    54 ||   213

Table legend: (Time is in decaauts)
 A = Elapsed time spent in this place.
 B = Non-inter-level travel time spent in this place.
 C = Inter-level travel time spent in this place.
 D = Time resting spent in this place.
 E = Time spent auto-exploring this place.
 F = Levels seen in this place.
 G = Mean time per level.
                   A        B        C        D        E       F      G
               +--------+--------+--------+--------+--------+-----+--------+
         Total |   3542 |   3448 |     94 |     56 |   2347 |   8 |  442.8 |
       Dungeon |   3542 |   3448 |     94 |     56 |   2347 |   8 |  442.8 |
               +--------+--------+--------+--------+--------+-----+--------+

Top non-repeatable levels by time:
     D:4: 805 daAuts
     D:1: 775 daAuts
     D:3: 741 daAuts
     D:2: 497 daAuts
     D:5: 363 daAuts
     D:7: 224 daAuts
     D:6: 116 daAuts
     D:8: 18 daAuts
